Cogmind - Beta 17.1 @@@ ROGUE MODE // 2026.09.03 @ 23:42:07 Player: jennbob Result: Destroyed by G-34 Mercenary with Small Laser Performance ------------- Evolutions (1) 500 Regions Visited (3) 600 Robots Destroyed (17) 85 Value Destroyed (273) 273 Prototype IDs (2) 40 Alien Tech Used (0) 0 Bonus (0) 0 TOTAL SCORE: 1498 Bonus ------- None Cogmind --------- Core Integrity 0/400 Matter 88/300 Energy 100/100 System Corruption 13% Temperature Cool (6) Movement Core (1350) Ox26 Location -9/Materials Parts ------- > --- POWER (1) -------- (None) > --- PROPULSION (2) --- (None) > --- UTILITY (3) ------ Huge Storage Unit > --- WEAPON (3) ------- (None) > --- INVENTORY (25) --- Ion Engine Light Ion Engine Light Ion Engine Light Ion Engine Light Ion Engine Light Ion Engine Small Storage Unit Huge Storage Unit Terrain Scanner EM Pulse Gun Improved EM Shotgun Faulty Improved EM Shotgun Improved EM Shotgun Medium Laser Improved Medium Laser Faulty Improved Medium Laser Assault Rifle Light Assault Rifle Light Assault Rifle Peak State ------------ > --- POWER ------------ Improved Ion Engine > --- PROPULSION ------- Light Treads Light Treads > --- UTILITY ---------- Huge Storage Unit Improved Terrain Scanner > --- WEAPON ----------- Improved EM Shotgun Improved Medium Laser > --- INVENTORY -------- Ion Engine Light Ion Engine Light Ion Engine Light Ion Engine Light Ion Engine Light Ion Engine Small Storage Unit Huge Storage Unit Terrain Scanner EM Pulse Gun Improved EM Shotgun Improved EM Shotgun Improved EM Shotgun Medium Laser Improved Medium Laser Assault Rifle Light Assault Rifle Light Assault Rifle [Rating: 16] Favorites ----------- Power Ion Engine Engine Ion Engine Propulsion Light Treads Treads Light Treads Utility Huge Storage Unit Device Improved Terrain Scanner Storage Huge Storage Unit Processor Targeting Computer Weapon Grenade Launcher Energy Gun EM Pulse Gun Ballistic Gun Light Assault Rifle Launcher Grenade Launcher Build | -11 -10 -10 -9 ------- Run | Yrd Mat Min Mat Slots Evolved 2 | . . . 2 Power . | . . . . Propulsion . | . . . . Utility 1 | . . . 1 Weapon 1 | . . . 1 Parts Attached 19 | 8 3 . 8 Power 3 | 2 . . 1 Engine 3 | 2 . . 1 Core . | . . . . Reactor . | . . . . Propulsion 3 | 2 . . 1 Treads 3 | 2 . . 1 Leg . | . . . . Wheel . | . . . . Hover . | . . . . Flight . | . . . . Utility 6 | 1 2 . 3 Device 2 | . 1 . 1 Storage 3 | 1 1 . 1 Processor 1 | . . . 1 Hackware . | . . . . Protection . | . . . . Artifact . | . . . . Weapon 7 | 3 1 . 3 Energy Gun 4 | 2 . . 2 Energy Cannon . | . . . . Ballistic Gun 1 | 1 . . . Ballistic Cannon . | . . . . Launcher 2 | . 1 . 1 Special Weapon . | . . . . Impact Weapon . | . . . . Slashing Weapon . | . . . . Piercing Weapon . | . . . . Special Melee Weapon . | . . . . Unidentified Prototypes 2 | . . . 2 Parts Lost 10 | . . . 10 Power 1 | . . . 1 Propulsion 3 | . . . 3 Utility 2 | . . . 2 Weapon 4 | . . . 4 Highest Loss Streak 4 | . . . 4 To Critical Strikes . | . . . . Average Backups 13 | 1 6 10 18 Power 4 | . 2 3 5 Propulsion . | . . . . Utility 2 | . . 2 2 Weapon 6 | . 2 4 9 Tool/Special . | . . . . Unused Backups 11 | . . . 11 Power 4 | . . . 4 Propulsion . | . . . . Utility . | . . . . Weapon 7 | . . . 7 Tool/Special . | . . . . Average Slot Usage (%) 90 | . 94 100 84 Engine 12 | . 14 14 10 Treads 21 | . 28 28 15 Device 11 | . 8 14 11 Storage 12 | . 14 14 11 Processor 4 | . . . 8 Ballistic Gun 11 | . 14 14 8 Launcher 15 | . 12 14 17 Peak Build Rating 16 | 6 7 8 16 Average Rating 9 | 5 6 7 12 On Entrance 5 | . 6 7 8 Avg Prop Armor Cover (%) 13 | 13 . . . Naked Turns . | . . . . Heaviest Build 173 | 13 90 90 173 Greatest Support 40 | 40 40 40 40 Greatest Overweight (x) 4 | . 2 2 4 Average Overweight (x) 1 | . . 2 3 Largest Inventory Capacity 25 | 8 25 25 25 Average Capacity 22 | 7 18 25 25 Most Carried 21 | 3 8 12 21 Average Carried 13 | 1 6 10 18 Final Capacity 25 | 8 25 25 25 Final Carried 19 | 2 8 12 19 Class Distribution -------------------- 60% | Mutant 32% | Bomber 3% | Skirmisher Dominant Class ---------------- Mutant | -10/Materials Mutant | -10/Mines Bomber | -9/Materials Resources | -11 -10 -10 -9 ----------- Run | Yrd Mat Min Mat Matter Collected 360 | 208 4 55 93 Remotely . | . . . . Salvage Created 160 | . 4 . 156 Parts 32 | . 6 6 20 Haulers Intercepted 1 | . . . 1 Recyclers Shooed . | . . . . Parts Field Recycled . | . . . . Retrieved Matter . | . . . . Parts Self-Destructed . | . . . . Prevented . | . . . . Parts Restored . | . . . . Kills | -11 -10 -10 -9 ------- Run | Yrd Mat Min Mat Combat Hostiles Destroyed 10 | . . . 10 Guns 3 | . . . 3 AOE 7 | . . . 7 Classes Destroyed 8 | . 2 . 6 Builder 1 | . 1 . . Tunneler 3 | . 1 2 . Hauler 1 | . . . 1 Operator 1 | . . . 1 Watcher 1 | . . . 1 Swarmer 7 | . . . 7 Grunt 2 | . . . 2 Sentry 1 | . . . 1 Best Kill Streak 7 | . 2 1 7 Combat Bots Only 5 | . . . 5 Max Kills in Single Turn 4 | . 1 1 4 Gunslinging . | . . . . Exploded 4 | . . . 4 Melee . | . . . . Uniques/NPCs Destroyed . | . . . . Combat | -11 -10 -10 -9 -------- Run | Yrd Mat Min Mat Hostile Shots Fired 127 | . . . 127 Missed 36 | . . . 36 Hits 91 | . . . 91 Projectile 91 | . . . 91 Critical Strikes 2 | . . . 2 Damage Taken 1664 | . . . 1664 Core 406 | . . . 406 Absorbed by Shields . | . . . . Core Remaining (%) 100 | 100 . 100 . Volleys Fired 19 | . 2 . 17 Largest 3 | . 2 . 3 Hottest 80 | . 50 . 80 Shots Fired 42 | . 3 . 39 Gun 17 | . 2 . 15 Cannon . | . . . . Launcher 25 | . 1 . 24 Special . | . . . . Kinetic 14 | . 2 . 12 Thermal . | . . . . Explosive 25 | . 1 . 24 Electromagnetic 3 | . . . 3 Robot Hit Streak 5 | . . . 5 Robot Miss Streak 2 | . 1 . 2 Penetration Max . | . . . . Secondary Targets . | . . . . Shots Hit Robots 18 | . . . 18 Core Hits 22 | . . . 22 Critical Kills . | . . . . Critical Parts Destroyed . | . . . . Critical Strikes . | . . . . Melee Attacks . | . . . . Impact . | . . . . Slashing . | . . . . Piercing . | . . . . Sneak Attacks . | . . . . Combat Hostiles . | . . . . Follow-up Attacks . | . . . . Damage Inflicted 893 | 1 17 5 870 Guns 96 | . . . 96 Cannons . | . . . . Explosions 751 | . . . 751 Melee . | . . . . Ramming 46 | 1 17 5 23 Kinetic 62 | . . . 62 Thermal 57 | . . . 57 Explosive 694 | . . . 694 Electromagnetic 34 | . . . 34 Impact . | . . . . Slashing . | . . . . Piercing . | . . . . Highest Corruption 13 | . . . 13 Average Corruption 12 | . . . 12 Corruption Purged . | . . . . Corruption Blocked . | . . . . Effects 8 | . . . 8 Message Errors 3 | . . . 3 Energy Discharges 1 | . . . 1 Data Loss (major) 1 | . . . 1 Misfires 2 | . . . 2 Alerts 1 | . . . 1 Overload Shots . | . . . . Overflow Damage 34 | . . . 34 Projectiles . | . . . . Explosions 34 | . . . 34 Melee . | . . . . Knockbacks . | . . . . Impact . | . . . . Kinetic . | . . . . Secondary . | . . . . Self-Inflicted Damage 78 | . . . 78 Shots 5 | . . . 5 Rammed 13 | 1 1 1 10 Targets Rammed 17 | 1 3 3 10 Kicked . | . . . . Crushed 4 | . 2 2 . Highest Temperature 99 | . 10 . 99 Average Temperature 46 | . 7 . 49 Received Heat Transfer 414 | . . . 414 Siege Activations . | . . . . Martial Activations . | . . . . Shielding Activations . | . . . . Robots Disrupted . | . . . . Combat Hostiles . | . . . . Robots Corrupted . | . . . . Combat Hostiles . | . . . . Parts Fried . | . . . . Impact Corruptions . | . . . . Robots Melted . | . . . . Combat Hostiles . | . . . . Parts Melted . | . . . . Heat Transferred 50 | . . . 50 Parts Sabotaged . | . . . . Parts Stolen . | . . . . Parts Stripped . | . . . . Power Chain Reactions . | . . . . Alert | -11 -10 -10 -9 ------- Run | Yrd Mat Min Mat Maximum Alert Level 1 | . . . 1 Low Security (%) 91 | 100 100 100 82 Level 1 8 | . . . 17 Level 2 . | . . . . Level 3 . | . . . . Level 4 . | . . . . Level 5 . | . . . . High Security . | . . . . Max Security . | . . . . Peak Influence 287 | . 10 5 287 Initial . | . . . . Average 50 | . . . 103 Influence Increases 468 | . 18 10 440 Destroy 0b10 Robot/C 200 | . . . 200 Destroy 0b10 Robot/NC 35 | . 10 10 15 Destroy Leader 44 | . . . 44 Disable Machine 45 | . . . 45 Destroy Structure 129 | . 8 . 121 Lose Combat Pursuer 15 | . . . 15 Influence Decreases 468 | . 18 10 440 Time Decay 418 | . 18 10 390 Lost Part 50 | . . . 50 Squads Dispatched 3 | . . . 3 Investigation . | . . . . Extermination . | . . . . Reinforcement 3 | . . . 3 Assault . | . . . . Garrison . | . . . . Intercept . | . . . . Searches Triggered . | . . . . Construction Impeded 1 | . . . 1 Haulers Reinforced . | . . . . Active Scanning Responses . | . . . . Cargo Convoy Interrupts . | . . . . Stealth | -11 -10 -10 -9 --------- Run | Yrd Mat Min Mat Distress Signals 4 | . . . 4 Communications Jammed . | . . . . Distress Signals . | . . . . Times Spotted 23 | . 1 . 22 Peak Tracking Total 6 | . 1 . 6 Tactical Retreats 1 | . . . 1 Traps | -11 -10 -10 -9 ------- Run | Yrd Mat Min Mat Traps Triggered . | . . . . Indirectly . | . . . . Trap Hack Attempts . | . . . . Triggered . | . . . . Disarmed . | . . . . Reprogrammed . | . . . . Reused . | . . . . Traps Extracted . | . . . . Installed . | . . . . Triggered . | . . . . Machines | -11 -10 -10 -9 ---------- Run | Yrd Mat Min Mat Machines Disabled 3 | . . . 3 Max in Single Turn 2 | . . . 2 Machines Repaired . | . . . . Machines Dismantled . | . . . . Machines Sabotaged . | . . . . Overloaded Fab Kills . | . . . . Hacking | -11 -10 -10 -9 --------- Run | Yrd Mat Min Mat Machines Accessed 1 | . . . 1 Terminals . | . . . . Fabricators . | . . . . Repair Stations . | . . . . Recycling Units . | . . . . Scanalyzers 1 | . . . 1 Garrison Access . | . . . . Total Hacks 3 | . . . 3 Successful 3 | . . . 3 Failed . | . . . . Catastrophic . | . . . . Database Lockouts . | . . . . Manual . | . . . . Terminals . | . . . . Fabricators . | . . . . Repair Stations . | . . . . Recycling Units . | . . . . Scanalyzers 3 | . . . 3 Garrison Access . | . . . . Terminal Hacks . | . . . . Fabricator Hacks . | . . . . Repair Station Hacks . | . . . . Recycling Unit Hacks . | . . . . Scanalyzer 3 | . . . 3 Insert Component 2 | . . . 2 Analyze 1 | . . . 1 Garrison Access Hacks . | . . . . Unauthorized Hacks . | . . . . Terminals . | . . . . Fabricators . | . . . . Repair Stations . | . . . . Recycling Units . | . . . . Scanalyzers . | . . . . Garrison Access . | . . . . Data Cores Recovered . | . . . . Used . | . . . . Hacking Detections 1 | . . . 1 Full Trace Events 1 | . . . 1 Feedback Events . | . . . . Feedback Blocked . | . . . . Robot Schematics Acquired . | . . . . Robots Built . | . . . . Authchips . | . . . . Time . | . . . . Total Robot Build Rating . | . . . . Part Schematics Acquired 1 | . . . 1 Parts Built . | . . . . Authchips . | . . . . Time . | . . . . Total Part Build Rating . | . . . . Part Studies Acquired . | . . . . Parts Repaired . | . . . . Time . | . . . . Parts Recycled . | . . . . Recycled Matter . | . . . . Retrieved Matter . | . . . . Retrieved Components . | . . . . Parts Scanalyzed 1 | . . . 1 Part Schematics Acquired 1 | . . . 1 Parts Damaged . | . . . . Bothacking | -11 -10 -10 -9 ------------ Run | Yrd Mat Min Mat Used RIF Installer . | . . . . Robots Hacked . | . . . . Non-combat . | . . . . Combat . | . . . . Robot Hacks Applied . | . . . . Relay Couplers Released . | . . . . Fabnet Peak Effective % . | . . . . Robots Rewired . | . . . . Allies Hacked . | . . . . Hacks Repelled . | . . . . Allies | -11 -10 -10 -9 -------- Run | Yrd Mat Min Mat Total Allies . | . . . . Largest Group . | . . . . Highest-Rated Group . | . . . . Highest-Rated Ally . | . . . . Total Orders . | . . . . Ally Attacks . | . . . . Total Damage . | . . . . Kills . | . . . . Allies Corrupted . | . . . . Allies Melted . | . . . . Intel | -11 -10 -10 -9 ------- Run | Yrd Mat Min Mat Active Infowar (turns) 1977 | . 175 760 1042 Terrain 1977 | . 175 760 1042 Robot Analysis Total . | . . . . Derelict Logs Recovered 1 | . . 1 . Drone Launches . | . . . . Drone Recoveries . | . . . . Exploration | -11 -10 -10 -9 ------------- Run | Yrd Mat Min Mat Turns Passed 2371 | 158 294 760 1159 Spaces Moved 699 | 96 118 234 251 Core 10 | 10 . . . Treads 689 | 86 118 234 251 Legs . | . . . . Wheels . | . . . . Hover . | . . . . Flight . | . . . . Fastest Speed 50 | 50 160 320 320 Average Speed 313 | 148 234 320 407 Slowest Speed 480 | 160 320 320 480 Overloaded Moves . | . . . . Propulsion Burnouts . | . . . . Robots Hopped . | . . . . Potential Cave-ins . | . . . . Cave-ins Triggered 2 | . . . 2 Exploration Rate (%) 23 | 5 22 47 20 Regions Visited 3 Branch Regions 1 Pre-discovered Areas 1 | . . 1 . Known Exits Taken . | . . . . Unknown Exits Taken 3 | 1 1 1 . Scrap Searched 1 | . . 1 . Spaces Dug . | . . . . Terrain Destroyed 155 | . 7 . 148 Melee . | . . . . Projectile . | . . . . AOE 155 | . 7 . 148 Terrain Rammed . | . . . . Walls Destroyed . | . . . . Machines Disabled . | . . . . Actions | -11 -10 -10 -9 --------- Run | Yrd Mat Min Mat Total 784 | 108 134 240 302 Wait 3 | . . . 3 Move 696 | 95 117 233 251 Hop . | . . . . Pick Up 22 | 1 7 4 10 Fast Attach 6 | 6 . . . Attach 12 | 2 3 . 7 Detach 7 | 2 2 . 3 Swap 2 | 1 . . 1 Drop . | . . . . Fire 19 | . 2 . 17 Melee . | . . . . Ram 4 | . . . 4 Kick . | . . . . Crush 13 | 1 3 3 6 Escape Stasis . | . . . . Rewire . | . . . . Trap . | . . . . Miscellaneous . | . . . . Route ------- -11/Scrapyard -10/Materials -10/Mines -9/Materials History --------- Turn | Location | Event 13 | -11/Scrapyard | Discovered new exit (range 15) 159 | -11/Scrapyard | Entered Materials 160 | -10/Materials | Met a group of wandering Federalists 317 | -10/Materials | Build established: Mutant 374 | -10/Materials | Discovered new exit (range 16) 453 | -10/Materials | Entered Mines 1135 | -10/Mines | Discovered new exit (range 15) 1213 | -10/Mines | Entered Materials 1213 | -9/Materials | Evolved 2 slots: Utility x1, Weapon x1 1658 | -9/Materials | Build established: Bomber 2145 | -9/Materials | Crushed by falling debris 2152 | -9/Materials | Crushed by falling debris 2152 | -9/Materials | System corruption reached 10% 2183 | -9/Materials | Lost 4 parts (1u3w) 2342 | -9/Materials | Core integrity fell below 50% 2358 | -9/Materials | Core integrity fell below 20% 2367 | -9/Materials | Lost 4 parts (1p2n1w) 2372 | -9/Materials | Destroyed by G-34 Mercenary with Small Laser Last Messages --------------- 02325_ Lgt. Treads destroyed. 02327_ Slammed into G-34 Mercenary. 02327_ Destabilizing: Core damaged (-4). 02334_ System corrupted: FCS attempts to trigger Imp. EM Shotgun. 02334_ System corrupted: Imp. EM Shotgun misfires. 02336_ Imp. EM Shotgun destroyed. 02341_ Slammed into G-34 Mercenary. 02344_ K-01 Serf collects debris. 02348_ R-06 Scavenger collects Heat Sink. 02349_ K-01 Serf collects debris. 02352_ R-06 Scavenger collects Aluminum Leg. 02353_ K-01 Serf collects debris. 02354_ Slammed into G-34 Mercenary. 02355_ Acquired 42 matter. 02356_ System corrupted: Substantial component data lost. 02357_ R-06 Scavenger collects Ion Engine. 02358_ K-01 Serf collects debris. 02361_ R-06 Scavenger collects Sml. Laser. 02368_ Slammed into G-34 Mercenary. 02371_ Broken Imp. Terrain Scanner destroyed. Map ----- +----------------------------------------------------+ | ?????????????????????????????????????????????????? | | ?????????????????????????????????????????????????? | | ?????????????????????????????????????????????????? | | ?????????????????????????????????????????????????? | | ?????????????????????????????????????????????????? | | ?????????????????????????????????????????????????? | | ?????????????????????????????????????????????????? | | ?????????????????????????????????????????????????? | | ?????????????????????????????????????????????????? | | ?????????????????????????????????????????????????? | | ????????????????????????? ?????????????????????? | | ????????????????????????? #????????????????????? | | ????????????????????????? #????????????????????? | | ????????????????????????# t#????????????????????? | | ????????????????????????# #????????????????????? | | ????????????????????????# #????????????????????? | | ????????????????????????# #????????????????????? | | ????????????????????????# #????????????????????? | | ????????????????????????# #????????????????????? | | ?????????????????######## #####????????????????? | | ?????????????????? ?????????????????? | | ??????????????????? ??????????????????? | | ????????????????????? ???????????????????? | | ??????????????????????# #????????????????????? | | ????????????########### g #????????????????????? | | ????????????# @ #????????????????????? | | ????????????# g #????????????????????? | | ????????????#%| +????????????????????? | | ????????????#| """ k! #????????????????????? | | ????????????# """a ]! #????????????????????? | | ????????????# """ ]! #????????????????????? | | ????????????# #????????????????????? | | ???? ???????# #????????????????????? | | ? ??????????# #######??????????????? | | ????????????# #??????????????? | | ???????????# + ?????????? | | ??? ????????########"" """" #??????????????? | | ?? ???????????????#"" """" #??????????????? | | ? ?###?#??????????#"T o """" #??????????????? | | ?????##??????#?????#"" #??????????????? | | ???????????????????#"" #??????????????? | | ? ???????#?????#??# """" #??????????????? | | ?????#??##????#????# """" #??????????????? | | ??#??#?#???#??##??## """" #??????????????? | | #######?#???????#??# #??????????????? | | [###??#????????# #? ????????????? | | #?###???????#?# #??????????????? | | ] #?????????#?#?# ######## #??????????????? | | ! ###?#??# ?? # #????#?? ?????????????? | | ]! #?#???#?????" # #???????? ????????????? | +----------------------------------------------------+ Best States ------------- Heat Dissipation 28 Energy Generation 12 Energy Capacity 265 Matter Stores 246 Matter Capacity 300 Sight Range 16 Terrain Scan Range 16 Terrain Scan Density 10 Evasion (%) 40 Targeting Accuracy 5 Recoil Reduction 2 Item Schematics ----------------- Lgt. Assault Rifle | -9/Materials | Scanalyzed Robot Schematics ------------------ None Fabricated ------------ Nothing Repaired ---------- Nothing Studied --------- None Alien Tech Used ----------------- None Achievements -------------- Loot Pinata Tank Unlikely Earthworm Challenges ------------ None Game ------ Seed ThrusterFlakMegatreads Manual? 0 Play Time 00:17:28 Cumulative 2.1 hours Start 2026.08.28 @ 23:07:18 End 2026.09.03 @ 23:42:07 Sessions 3 Manual Loads 0 Difficulty Rogue Special Mode None Game No. 9 Rogue 9 Adventurer 0 Explorer 0 Win Type - Total 0 Types 0/0/0/0/0/0/0/0/0/0 Lore% 0 Gallery% 5 Achievement% 6 Wizard Run 0 Options --------- Layout 0 ASCII 0 Keyboard 1 Movement Vi Keybinds 0 Fullscreen 2 Font 18/Smallcaps Map View 76x50 Zoom Use 0% Tactical HUD 1 Map Filters NONE Filters NONE Steam 1 RUN: 9d6900bb-b2c8-4af8-84f6-e2cbd503df33